 Dungeon Crawl Stone Soup version 0.21.0-25-ge575cb9 (webtiles) character file.

19020 quantumfuzzball the Zephyrmancer (level 12, -7/100 HPs)
             Began as a Pale Draconian Air Elementalist on Jan 23, 2018.
             Was an Elder of Sif Muna.
             Mangled by an entropy weaver (14 damage)
             ... on level 4 of the Lair of Beasts.
             The game lasted 01:35:16 (27097 turns).

quantumfuzzball the Zephyrmancer (DrAE)            Turns: 27097, Time: 01:35:17

Health: -7/100     AC:  0    Str: 14    XL:     12   Next: 32%
Magic:  17/26      EV: 16    Int: 23    God:    Sif Muna [****..]
Gold:   934        SH:  0    Dex: 15    Spells: 15/31 levels left

rFire    . . .     SeeInvis +   i - +5 rapier of the Unliving {freeze, Str+3}
rCold    + . .     Gourm    .   (no shield)
rNeg     . . .     Faith    .   (armour unavailable)
rPois    .         Spirit   .   T - +0 hat {Int+3}
rElec    .         Reflect  .   d - +0 cloak
rCorr    .         Harm     .   (no gloves)
MR       .....                  G - +2 pair of boots
Stlth    ++........             (no amulet)
HPRegen  0.26/turn              f - ring of see invisible
MPRegen  0.20/turn              t - +5 ring of dexterity

@: corroded
A: breathe steam, unfitting armour, clumsy 1, cold resistance 1, cold-blooded,
AC +8
a: Breathe Steam, Divine Energy, Channel Magic, Forget Spell, Renounce Religion


You were on level 4 of the Lair of Beasts.
You worshipped Sif Muna.
Sif Muna was greatly pleased with you.
You were not hungry.

You visited 3 branches of the dungeon, and saw 16 of its levels.
You also visited: Ossuary.

You collected 1400 gold pieces.
You spent 466 gold pieces at shops.

Inventory:

Hand Weapons
 c - a +3 flail of protection
 i - the +5 rapier of the Unliving (weapon) {freeze, Str+3}
   (You found it on level 9 of the Dungeon)

   It has been specially enchanted to freeze those struck by it, causing extra
   injury to most foes and up to half again as much damage against particularly
   susceptible opponents.
   It can also slow down cold-blooded creatures.
   It affects your strength (+3).
 F - a +2 trident of freezing
 J - a +0 whip of electrocution
Missiles
 g - 107 bolts
 S - 3 throwing nets (quivered)
Armour
 d - a +0 cloak (worn)
 G - a +2 pair of boots (worn)
 N - a cursed +0 large shield
 T - a +0 hat of intelligence (worn)
Magical Staves
 K - an uncursed staff of summoning
Jewellery
 f - a ring of see invisible (left hand)
 t - a +5 ring of dexterity (right hand)
 L - a +3 ring of dexterity
 R - an uncursed ring of flight
Wands
 j - a wand of clouds (5)
 o - a wand of enslavement (15)
 A - a wand of random effects (18)
 E - a wand of acid (4)
 H - a wand of iceblast (17)
 M - a wand of polymorph (16)
Scrolls
 h - 7 scrolls of immolation
 l - 6 scrolls of remove curse
 p - 4 scrolls of magic mapping
 r - 3 scrolls of enchant armour
 y - 4 scrolls of enchant weapon
 I - a scroll of fear {unknown}
 O - a scroll of brand weapon {unknown}
 Q - 2 scrolls of fog
 W - a scroll of holy word {unknown}
Potions
 k - 3 potions of flight {unknown}
 n - 4 potions of mutation
 q - 8 potions of curing
 s - 4 potions of lignification
 u - 4 potions of degeneration {unknown}
 w - 2 potions of invisibility {unknown}
 x - 2 potions of magic {unknown}
 z - a potion of might {unknown}
 B - a potion of cancellation
 C - 6 potions of agility
 D - 4 potions of resistance
Books
 a - a book of Air

   Spells                             Type                      Level
   a - Shock                          Conjuration/Air              1
   b - Swiftness                      Charms/Air                   2
   c - Static Discharge               Conjuration/Air              3
   d - Airstrike                      Air                          4
   e - Lightning Bolt                 Conjuration/Air              5
 e - a book of Cantrips

   Spells                             Type                      Level
   a - Confusing Touch                Hexes                        1
   b - Animate Skeleton               Necromancy                   1
   c - Summon Small Mammal            Summoning                    1
   d - Apportation                    Translocation                1
 P - a book of Necromancy

   Spells                             Type                      Level
   a - Pain                           Necromancy                   1
   b - Animate Skeleton               Necromancy                   1
   c - Vampiric Draining              Necromancy                   3
   d - Regeneration                   Charms/Necromancy            3
   e - Animate Dead                   Necromancy                   4
   f - Borgnjor's Vile Clutch         Necromancy/Earth             5
 U - a book of Party Tricks

   Spells                             Type                      Level
   a - Summon Butterflies             Summoning                    1
   b - Apportation                    Translocation                1
   c - Lesser Beckoning               Translocation                3
   d - Tukima's Dance                 Hexes                        3
   e - Alistair's Intoxication        Transmutation/Poison         5
   f - Invisibility                   Hexes                        6
Comestibles
 b - 13 rations


   Skills:
 - Level 7.5 Fighting
 - Level 6.3 Dodging
 - Level 1.7 Stealth
 - Level 3.3 Shields
 * Level 10.3 Spellcasting
 + Level 7.7 Conjurations
 * Level 12.2 Air Magic
 + Level 4.9 Evocations


You had 15 spell levels left.
You knew the following spells:

 Your Spells              Type           Power        Failure   Level  Hunger
a - Shock                 Conj/Air       ####         1%          1    None
b - Static Discharge      Conj/Air       ######..     1%          3    None
c - Airstrike             Air            ######....   1%          4    #......
d - Apportation           Tloc           ##....       5%          1    None
e - Swiftness             Chrm/Air       #####...     1%          2    None
f - Lightning Bolt        Conj/Air       ######....   2%          5    ####...


Dungeon Overview and Level Annotations

Branches:
Dungeon (11/15)            Temple (1/1) D:6            Lair (4/6) D:10
 Shoals (0/4) Lair:3        Snake (0/4) Lair:4          Orc (0/2) D:9

Altars:
Ashenzari
Cheibriados
Dithmenos
Elyvilon
Fedhas
Gozag
Hepliaklqana
Kikubaaqudgha
Makhleb
Nemelex Xobeh
Okawaru
Qazlal
Ru
Sif Muna
Trog
Uskayaw
Vehumet
Wu Jian
Xom
Yredelemnul
Zin
The Shining One

Shops:
D:6 [%:(   D:7 }   D:8 *   D:9 *

Annotations:
Lair:3 Rupert


Innate Abilities, Weirdness & Mutations

You can breathe blasts of scalding, opaque steam.
Your pale cyan-grey scales are hard. (AC +8)
You cannot fit into any form of body armour.
You are cold-blooded and may be slowed by cold attacks.
You are clumsy. (Dex -2)
Your flesh is cold resistant. (rC+)


Message History

You hit the fungus. You freeze the fungus.
The fungus is moderately damaged.
The entropy weaver hits you! The entropy weaver misses you.
The entropy weaver hits you! The entropy weaver hits you.
The entropy weaver casts a spell.
The entropic weave corrodes you! The entropy weaver hits you.
* * * LOW HITPOINT WARNING * * *
The entropy weaver hits you.
* * * LOW HITPOINT WARNING * * *
The entropy weaver completely misses you.
The entropy weaver hits you!
* * * LOW HITPOINT WARNING * * *
The water moccasin bites the fungus!
Okay, then.
Okay, then.
The water moccasin bites the fungus.
The soldier ant stings the fungus!
The fungus looks as sick as possible!
The soldier ant poisons the fungus!
The entropy weaver hits you!
You die...

a.#a#.##..#.≈≈≈P..≈≈≈.....#.
##..###..##≈≈≈...≈P≈≈≈....##
###..a. ###..≈≈......≈≈≈.....#
.....[a##....≈≈P..>...≈≈#...##
#....aaa....≈≈..≈.P..≈≈#...#
#..P.##P...>≈≈≈.P)P.≈≈≈.####
..####.......≈≈≈≈..≈≈≈≈...#.#
#....#..S...≈≈≈≈≈)≈.≈...#.
#....##...a@..≈≈≈≈≈.P..#...#
#....#...#....≈...P≈###.....
###..#P.P##...>..#.## ###.. ..
#....###....### #.. .. #.....
#..P.P## #.. #.....# #)#....#
### ..P... ###.#....## ###
#.P..>..... ####.#
#....P..#####.##..


You could see an entropy weaver, 4 soldier ants and a water moccasin.

Vanquished Creatures
  Gastronok (Lair:3)
  A hydra (Lair:2)
  A catoblepas (Lair:2)
  Harold (D:10)
  2 two-headed ogres
  Pikel (D:8)
  A deep elf mage (D:10)
  A merfolk siren (Lair:3)
  5 spiny frogs
  A centaur skeleton (D:10)
  3 rime drakes
  A komodo dragon (Lair:1)
  A troll (D:9)
  4 hippogriffs
  Prince Ribbit (D:6)
  A spriggan (D:9)
  Sigmund (D:3)
  9 yaks
  A wyvern (D:11)
  2 basilisks
  Menkaure (D:7)
  3 hungry ghosts
  3 soldier ants (Lair:4)
  Edmund (D:4)
  3 nagas (Lair:4)
  3 water moccasins
  5 porcupines
  3 orc warriors
  A sky beast (D:10)
  2 black bears
  5 ogres
  4 phantoms
  4 slaves
  5 centaurs
  4 crocodiles
  3 big kobolds
  11 bullfrogs
  A wyvern skeleton (D:10)
  3 scorpions
  5 killer bees
  2 howler monkeys
  3 crimson imps
  4 hounds
  Crazy Yiuf (D:4)
  3 jellies
  5 orc priests
  6 orc wizards
  Jessica (D:2)
  Terence (D:3)
  An iguana (D:10)
  13 worker ants
  A hound zombie (D:10)
  A hound skeleton (D:5)
  8 mummies (Ossuary)
  3 worker ant zombies
  Robin (D:3)
  10 adders
  3 gnolls (D:9)
  4 shadow imps
  3 oozes
  An adder zombie (D:7)
  5 worms
  4 dart slugs
  5 leopard geckos
  35 orcs
  2 giant cockroaches
  A gnoll zombie (Ossuary)
  21 goblins
  10 hobgoblins
  8 jackals
  5 quokkas
  4 ball pythons
  10 bats
  3 frilled lizards
  2 hobgoblin zombies (Ossuary)
  20 kobolds
  4 kobold zombies (Ossuary)
  A leopard gecko skeleton (D:5)
  A leopard gecko zombie (D:5)
  An orc zombie (Ossuary)
  A quokka skeleton (D:9)
  13 rats
  A fungus (D:10)
341 creatures vanquished.

Vanquished Creatures (others)
  6 fungi
  2 plants
8 creatures vanquished.

Grand Total: 349 creatures vanquished

Notes
Turn   | Place    | Note
-------+----------+-------------------------------------------
     0 | D:1      | quantumfuzzball the Draconian Air Elementalist began the quest for the Orb.
     0 | D:1      | Reached XP level 1. HP: 14/14 MP: 3/3
   334 | D:1      | Reached XP level 2. HP: 22/22 MP: 3/5
   513 | D:1      | Reached skill level 1 in Fighting
   841 | D:1      | Reached XP level 3. HP: 28/28 MP: 3/6
   959 | D:1      | Learned a level 3 spell: Static Discharge
  1651 | D:2      | Noticed Jessica
  1663 | D:2      | Killed Jessica
  1778 | D:2      | Reached XP level 4. HP: 31/35 MP: 6/8
  3111 | D:3      | Noticed Sigmund
  3587 | D:3      | Found a glowing golden altar of the Shining One.
  3638 | D:3      | Noticed Terence
  3852 | D:3      | Reached XP level 5. HP: 41/41 MP: 6/9
  4003 | D:4      | Noticed an ogre
  4010 | D:4      | Killed an ogre
  4010 | D:4      | Reached skill level 4 in Air Magic
  4098 | D:4      | Learned a level 4 spell: Airstrike
  4109 | D:4      | Reached XP level 6. HP: 49/49 MP: 1/11
  4132 | D:5      | Entered Level 5 of the Dungeon
  4737 | D:4      | Noticed Edmund
  4785 | D:4      | HP: 2/50 [Edmund/flail of protection (4)]
  4787 | D:4      | Killed Edmund
  5394 | D:4      | Reached skill level 5 in Air Magic
  5394 | D:4      | Your scales start taking on a pale cyan-grey colour.
  5394 | D:4      | Reached XP level 7. HP: 56/57 MP: 5/13
  5514 | D:4      | Found a runed door.
  5518 | D:4      | Noticed Crazy Yiuf
  5522 | D:4      | Killed Crazy Yiuf
  6562 | D:6      | Found a radiant altar of Vehumet.
  6601 | D:6      | Found a sand-covered staircase.
  6603 | D:6      | Noticed Prince Ribbit
  6608 | Ossuary  | Entered an ossuary
  7269 | D:6      | Killed Prince Ribbit
  7269 | D:6      | Reached skill level 6 in Air Magic
  7271 | D:6      | Found Herrife's Book Emporium.
  7277 | D:6      | Found a sacrificial altar of Ru.
  7329 | D:6      | Reached XP level 8. HP: 30/64 MP: 0/15
  7340 | D:6      | Reached skill level 5 in Spellcasting
  7676 | D:6      | Found Ferery's Antique Weapon Boutique.
  7686 | D:6      | Found a staircase to the Ecumenical Temple.
  8231 | D:6      | Found Nosilo's Food Shop.
  8446 | Temple   | Entered the Ecumenical Temple
  8474 | Temple   | Became a worshipper of Sif Muna the Loreminder
  8699 | D:6      | Reached skill level 7 in Air Magic
  8966 | D:6      | Found Atihoski's Antique Armour Emporium.
  8973 | D:6      | Bought a pair of embroidered boots for 142 gold pieces
  9033 | D:6      | Found an ornate altar of the Wu Jian Council.
  9033 | D:6      | Found a shadowy altar of Dithmenos.
  9128 | D:6      | Bought a book of Cantrips for 280 gold pieces
  9130 | D:6      | Learned a level 1 spell: Apportation
  9136 | D:6      | Learned a level 2 spell: Swiftness
  9203 | D:7      | Noticed Menkaure
  9402 | D:7      | Killed Menkaure
  9402 | D:7      | Reached * piety under Sif Muna
  9684 | D:7      | Reached XP level 9. HP: 67/72 MP: 7/18
  9973 | D:3      | Killed Terence
 10064 | D:3      | Killed Sigmund
 10256 | D:3      | Noticed Robin
 10266 | D:3      | Killed Robin
 11227 | D:7      | Reached skill level 5 in Fighting
 11422 | D:7      | Reached skill level 8 in Air Magic
 11670 | D:7      | Found Heniaf's Gadget Shoppe.
 12107 | D:8      | Noticed Pikel
 12297 | D:8      | Killed Pikel
 12297 | D:8      | Reached ** piety under Sif Muna
 12297 | D:8      | Reached skill level 1 in Evocations
 12430 | D:8      | Reached skill level 5 in Conjurations
 12541 | D:8      | Gained mutation: You are dopey. (Int -2) [potion of mutation]
 12541 | D:8      | Gained mutation: You do not regenerate when monsters are visible. [potion of mutation]
 12541 | D:8      | Gained mutation: You have a pair of small antennae on your head. [potion of mutation]
 12542 | D:8      | Lost mutation: You have a pair of small antennae on your head. [potion of mutation]
 12542 | D:8      | Lost mutation: You are dopey. (Int -2) [potion of mutation]
 12542 | D:8      | Lost mutation: You do not regenerate when monsters are visible. [potion of mutation]
 12542 | D:8      | Gained mutation: You are clumsy. (Dex -2) [potion of mutation]
 12542 | D:8      | Gained mutation: Your flesh is cold resistant. (rC+) [potion of mutation]
 12851 | D:8      | Found Mumez's General Store.
 12859 | D:8      | Bought a potion of agility for 44 gold pieces
 13515 | D:9      | Noticed a two-headed ogre
 13527 | D:9      | Killed a two-headed ogre
 13527 | D:9      | Reached skill level 5 in Dodging
 13527 | D:9      | Reached skill level 9 in Air Magic
 13527 | D:9      | Reached XP level 10. HP: 37/83 MP: 8/20
 13791 | D:9      | Learned a level 5 spell: Lightning Bolt
 13800 | D:9      | Found an opulent altar of Gozag.
 14015 | D:9      | Found Zin's Purification Station.
 14017 | D:9      | Found a glowing silver altar of Zin.
 14151 | D:9      | Got an ebony rapier
 14176 | D:9      | Identified the +5 rapier of the Unliving {freeze, Str+3} (You found it on level 9 of the Dungeon)
 14185 | D:9      | Found an iron altar of Okawaru.
 14722 | D:9      | Reached *** piety under Sif Muna
 14916 | D:9      | Found a staircase to the Orcish Mines.
 15530 | D:10     | Entered Level 10 of the Dungeon
 15683 | D:9      | Reached skill level 1 in Shields
 16288 | D:10     | Found a staircase to the Lair.
 16821 | D:10     | Found a sparkling altar of Nemelex Xobeh.
 16972 | D:10     | Noticed a two-headed ogre
 17289 | D:10     | Reached skill level 10 in Air Magic
 17422 | D:10     | Killed a two-headed ogre
 18194 | D:11     | Reached XP level 11. HP: 91/91 MP: 17/23
 18195 | D:11     | Noticed a deep elf mage
 18197 | D:11     | Noticed Harold
 18385 | D:10     | Killed Harold
 18420 | D:10     | Killed a deep elf mage
 19257 | D:11     | Noticed a red ugly thing
 19563 | Lair:1   | Entered Level 1 of the Lair of Beasts
 19585 | Lair:1   | Reached **** piety under Sif Muna
 21715 | Lair:2   | Noticed a catoblepas
 21737 | Lair:2   | Killed a catoblepas
 21737 | Lair:2   | Reached skill level 11 in Air Magic
 22476 | Lair:2   | Noticed a six-headed hydra
 23549 | Lair:2   | Killed a six-headed hydra
 23840 | Lair:3   | Noticed Gastronok
 23851 | Lair:3   | Noticed Rupert
 24559 | Lair:3   | Killed Gastronok
 24559 | Lair:3   | Reached skill level 10 in Spellcasting
 24559 | Lair:3   | Reached XP level 12. HP: 100/100 MP: 0/26
 24799 | Lair:3   | Found a staircase to the Shoals.
 25655 | Lair:4   | Reached skill level 12 in Air Magic
 25894 | Lair:4   | Found a staircase to the Snake Pit.
 25900 | Lair:4   | Noticed a four-headed hydra
 26011 | Lair:4   | HP: 4/100 [four-headed hydra (11)]
 27085 | Lair:4   | Noticed an entropy weaver
 27091 | Lair:4   | Noticed an entropy weaver
 27097 | Lair:4   | Mangled by an entropy weaver

Skill      XL: |  1  2  3  4  5  6  7  8  9 10 11 12 |
---------------+-------------------------------------+-----
Fighting       | 1 2 3 4 5 6 7 |  7.5
Dodging        | 2 3 4 5 6 |  6.3
Spellcasting   | 3 4 6 7 8 10 | 10.3
Conjurations   | 2 3 4 5 6 7 |  7.7
Air Magic      | 4 5 6 7 9 10 11 12 | 12.2
Evocations     | 2 3 4 |  4.9
Shields        | 2 3 |  3.3
Stealth        | |  1.7

Action                   |  1- 3 |  4- 6 |  7- 9 | 10-12 || total
-------------------------+-------+-------+-------+-------++-------
Melee: Unarmed           |    23 |       |       |       ||    23
       Tailslap          |    10 |     9 |    10 |    15 ||    44
       Dagger            |    47 |    46 |       |       ||    93
       Flail             |       |    11 |   113 |       ||   124
       Trident           |       |       |    21 |       ||    21
       Rapier            |       |       |       |    74 ||    74
 Cast: Shock             |    39 |   120 |   205 |    89 ||   453
       Airstrike         |       |     2 |    42 |   177 ||   221
       Static Discharge  |       |       |    13 |    89 ||   102
       Lightning Bolt    |       |       |       |    20 ||    20
 Abil: Breathe Steam     |       |       |     1 |       ||     1
Evoke: Wand              |       |       |       |     6 ||     6
  Use: Scroll            |       |     8 |     7 |    11 ||    26
       Potion            |       |     3 |     7 |     7 ||    17
 Stab: Sleeping          |     1 |     1 |     2 |     1 ||     5
  Eat: Chunk             |     3 |     8 |    16 |    37 ||    64
       Ration            |       |     1 |     5 |     7 ||    13
Armor: Skin              |    40 |    54 |   140 |    91 ||   325
Dodge: Dodged            |    68 |   111 |   214 |   220 ||   613
